 Dungeon Crawl Stone Soup version 0.29.1-1-gd02db6906a (webtiles) character file.

Game seed: 10482874654490405592

8920 Demigod47 the Basher (level 11, -16/95 HPs)
             Began as a Minotaur Fighter on Oct 10, 2022.
             Was a High Priest of Okawaru.
             Killed from afar by a fire dragon (25 damage)
             ... with a blast of flame
             ... on level 11 of the Dungeon.
             The game lasted 00:21:43 (9566 turns).

Demigod47 the Basher (Minotaur Fighter)             Turns: 9566, Time: 00:21:43

Health: -16/95     AC: 19    Str: 31    XL:     11   Next: 16%
Magic:  10/10      EV: 12    Int:  5    God:    Okawaru [*****.]
Gold:   779        SH: 10    Dex: 10    Spells: 10/10 levels left

rFire   . . .      SeeInvis .   E - +2 hammer (vorpal)
rCold   . . .      Faith    .   z - +0 kite shield
rNeg    . . .      Spirit   .   M - +2 plate armour
rPois   .          Reflect  .   (helmet restricted)
rElec   .          Harm     .   D - +0 cloak
rCorr   .          Rampage  .   q - +0 pair of gloves
Will    .....                   (no boots)
Stlth   ..........              o - amulet of regeneration
HPRegen 1.05/turn               m - +6 ring of strength
MPRegen 0.12/turn               n - +4 ring of evasion

@: no status effects
A: horns 2, retaliatory headbutt
a: Renounce Religion, Heroism, Finesse, Duel


You were on level 11 of the Dungeon.
You worshipped Okawaru.
Okawaru was extremely pleased with you.
You visited 2 branches of the dungeon, and saw 12 of its levels.

You collected 779 gold pieces.

Inventory:

Hand Weapons
 B - a +0 vorpal flail
 E - a +2 vorpal hammer (weapon)
Missiles
 C - 2 throwing nets (quivered)
Armour
 q - a +0 pair of gloves (worn)
 z - a +0 kite shield (worn)
 D - a +0 cloak (worn)
 M - a +2 plate armour (worn)
Jewellery
 m - a +6 ring of strength (left hand)
 n - a +4 ring of evasion (right hand)
 o - an amulet of regeneration (around neck)
 u - an amulet of magic regeneration
 x - a +4 ring of evasion
 H - a +4 ring of evasion
 K - a ring of protection from fire
Wands
 a - a wand of mindburst (13)
 c - a wand of polymorph (13)
 k - a wand of paralysis (5)
 r - a wand of light (7)
 G - a wand of roots (9)
Scrolls
 e - 2 scrolls of fear
 g - 4 scrolls of blinking
 i - a scroll of silence
 j - 2 scrolls of vulnerability
 s - 2 scrolls of magic mapping
 t - 2 scrolls of poison
 v - 4 scrolls of amnesia
 w - 2 scrolls of noise
 y - 2 scrolls of teleportation {unknown}
 A - 3 scrolls of torment {unknown}
 F - a scroll of butterflies {unknown}
 I - a scroll of enchant weapon {unknown}
 J - a scroll of immolation {unknown}
 N - a scroll of identify
Potions
 b - a potion of flight {unknown}
 d - 3 potions of might
 f - 2 potions of brilliance {unknown}
 h - 3 potions of curing
 p - 2 potions of lignification
 L - a potion of haste {unknown}


   Skills:
 + Level 8.7 Fighting
 * Level 13.7 Maces & Flails
 + Level 10.1 Armour
 + Level 4.7 Dodging
 + Level 1.2 Stealth
 + Level 8.9 Shields


You had 10 spell levels left.
You didn't know any spells.
Your spell library contained the following spells:

 Spells                   Type           Power      Damage    Failure   Level
 Necrotise                Necr           0%         1d4       100%        1
 Ensorcelled Hibernation  Hex/Ice        0%         N/A       100%        2
 Spider Form              Tmut/Pois      0%         N/A       100%        3
 Vampiric Draining        Necr           0%         2d6       100%        3
 Anguish                  Hex/Necr       0%         N/A       100%        4
 Agony                    Necr           0%         N/A       100%        5


Dungeon Overview and Level Annotations

Branches:
Dungeon (11/15)            Temple (1/1) D:7            Lair (0/5) D:10
    Orc: D:9-12

Altars:
Ashenzari
Cheibriados
Elyvilon
Fedhas
Hepliaklqana
Makhleb
Nemelex Xobeh
Okawaru
Ru
Trog
Uskayaw
Wu Jian
Xom
Yredelemnul
Zin
The Shining One

Shops:
D:7 !

Annotations:
D:3 2 transporters, wnhky's ghost, amateur SpCj


Innate Abilities, Weirdness & Mutations

You have a pair of horns on your head.
You reflexively headbutt those who attack you in melee.


Message History

You headbutt the fire dragon, but do no damage.
The fire dragon is lightly wounded.
The black bear changes into an elephant!
The fire dragon breathes flames at you. The blast of flame hits you!!!
You hear an angry growl.
You barely miss the fire dragon. Your headbutt misses the fire dragon.
The fire dragon is lightly wounded.
The fire dragon bites you but does no damage.
The fire dragon claws you but does no damage.
The fire dragon barely misses you.
You hit the fire dragon but do no damage.
The fire dragon is lightly wounded.
The fire dragon bites you! The fire dragon closely misses you.
The fire dragon tramples you!
You hold your ground!
You thump the fire dragon!
The fire dragon is lightly wounded.
A black bear comes into view.
You block the fire dragon's attack. x3
You sock the fire dragon! Your headbutt misses the fire dragon.
The fire dragon is moderately wounded.
The fire dragon bites you but does no damage.
The fire dragon barely misses you. The fire dragon misses you.
The fire dragon breathes flames at you. The blast of flame hits you!!
* * * LOW HITPOINT WARNING * * *
You hear a shout!
You hear a horrible gurgling sound!
You block the fire dragon's attack. x2
The fire dragon tramples you but does no damage.
The fire dragon breathes flames at you. The blast of flame misses you.
You feel yourself speed up. The fire dragon bites you!
* * * LOW HITPOINT WARNING * * *
You block the fire dragon's attack.
The fire dragon tramples you but does no damage.
The fire dragon breathes flames at you. The blast of flame hits you!!
You die...

#....[#
#.....#..# #
#.#####
#..##.#..###
#.....#
#†#.###.....
#.###.# # #
#.##[.#..###
#.....# .#.
#†.#(.#..# #
###.#####.#
###.###..#
#.###)#h. #.#
#..# #.).#.#Y#
###.###..#
#.#..@#.#
#.....#..#
...###.#.#
###.###..# ###.#
#.DW# #.# #..#
###
#########.###..#
.............#
.............#
#.......######
#.......#
#.......#


You could see a fire dragon (catching breath).

Vanquished Creatures
  A catoblepas (D:11)
  An ugly thing (D:11)
  A manticore (D:11)
  2 cyclopes (D:11)
  Joseph (D:7)
  A troll (D:9)
  Prince Ribbit (D:7)
  A wraith (D:11)
  Eustachio (D:5)
  2 wyverns
  7 yaks (D:11)
  A water elemental (D:11)
  Grum (D:8)
  A steam dragon (D:9)
  Duvessa (D:7)
  2 water moccasins
  3 orc warriors
  A black bear (D:6)
  2 ogres
  3 wolves (D:8)
  2 centaurs (D:9)
  2 phantoms
  Blork the orc (D:5)
  3 kobold brigands
  4 bullfrogs
  4 scorpions
  3 necrophages
  A gnoll sergeant (D:9)
  5 wights (D:8)
  Dowan (D:7)
  8 killer bees
  3 howler monkeys (D:8)
  Crazy Yiuf (D:5)
  A hound (D:5)
  3 orc priests
  A gnoll bouda (D:8)
  3 iguanas
  9 orc wizards
  7 adders
  19 gnolls
  3 ufetubi
  4 worms
  30 orcs
  3 ball pythons
  9 endoplasms
  5 giant cockroaches
  6 goblins
  5 hobgoblins
  8 jackals
  19 kobolds
  2 quokkas
  3 bats
  2 frilled lizards
  8 rats
222 creatures vanquished.

Notes
Turn   | Place    | Note
-------+----------+-------------------------------------------
     0 | D:1      | Demigod47 the Minotaur Fighter began the quest for the Orb.
     0 | D:1      | Reached XP level 1. HP: 19/19 MP: 0/0
   241 | D:1      | Reached XP level 2. HP: 27/27 MP: 1/1
   654 | D:1      | Found a faded altar of an unknown god.
   674 | D:1      | Reached XP level 3. HP: 33/33 MP: 2/2
  1409 | D:2      | Reached skill level 3 in Maces & Flails
  1464 | D:2      | Reached XP level 4. HP: 12/40 MP: 3/3
  1857 | D:2      | Found a snail-covered altar of Cheibriados.
  2097 | D:3      | Noticed wnhky's ghost (amateur SpCj)
  2111 | D:3      | Found a transporter.
  2158 | D:3      | Reached skill level 1 in Dodging
  2268 | D:3      | Reached skill level 4 in Maces & Flails
  2344 | D:3      | Reached XP level 5. HP: 47/47 MP: 4/4
  2487 | D:3      | Found a transporter.
  3615 | D:4      | Found an ornate altar of the Wu Jian Council.
  3615 | D:4      | Found a white marble altar of Elyvilon.
  3615 | D:4      | Found a hide-covered altar of Uskayaw.
  3997 | D:5      | Entered Level 5 of the Dungeon
  3997 | D:5      | Noticed a phantom
  4011 | D:5      | Killed a phantom
  4012 | D:5      | Reached skill level 5 in Maces & Flails
  4050 | D:5      | Noticed Blork the orc
  4052 | D:5      | Noticed an ogre
  4062 | D:5      | Killed Blork the orc
  4063 | D:5      | Reached skill level 5 in Armour
  4063 | D:5      | Reached XP level 6. HP: 36/53 MP: 5/5
  4285 | D:5      | Reached skill level 6 in Maces & Flails
  4294 | D:5      | Noticed Eustachio
  4309 | D:5      | Killed Eustachio
  4310 | D:5      | Reached skill level 5 in Fighting
  4310 | D:5      | Reached XP level 7. HP: 38/61 MP: 6/6
  4362 | D:5      | Reached skill level 5 in Shields
  4502 | D:5      | Found a runed translucent door.
  4503 | D:5      | Noticed Crazy Yiuf
  4777 | D:5      | Reached skill level 7 in Maces & Flails
  4796 | D:5      | Identified the +4 chain mail of Zeikiy {Str+8 Slay+2}
  4854 | D:5      | Killed Crazy Yiuf
  4855 | D:5      | Reached XP level 8. HP: 48/69 MP: 7/7
  5069 | D:6      | Reached skill level 8 in Maces & Flails
  5390 | D:7      | Noticed Joseph
  5407 | D:7      | Killed Joseph
  5471 | D:7      | Found Qunaf's Distillery.
  5584 | D:7      | Found a staircase to the Ecumenical Temple.
  5593 | D:7      | Reached skill level 9 in Maces & Flails
  5597 | Temple   | Entered the Ecumenical Temple
  5653 | Temple   | Became a worshipper of Warmaster Okawaru
  5718 | D:7      | Reached XP level 9. HP: 61/74 MP: 8/8
  5829 | D:7      | Noticed Prince Ribbit
  5866 | D:7      | Killed Prince Ribbit
  5939 | D:7      | Reached skill level 1 in Stealth
  6108 | D:7      | Reached * piety under Okawaru
  6174 | D:7      | Noticed Duvessa
  6181 | D:7      | Killed Duvessa
  6182 | D:7      | Noticed Dowan
  6191 | D:7      | Killed Dowan
  6335 | D:8      | Reached skill level 10 in Maces & Flails
  6929 | D:8      | Noticed Grum
  6939 | D:8      | Reached ** piety under Okawaru
  6953 | D:8      | Killed Grum
  6954 | D:8      | Reached skill level 11 in Maces & Flails
  7417 | D:9      | Noticed a troll
  7434 | D:9      | Killed a troll
  7435 | D:9      | Reached XP level 10. HP: 43/86 MP: 9/9
  7657 | D:9      | Reached skill level 12 in Maces & Flails
  7889 | D:9      | Reached *** piety under Okawaru
  8129 | D:10     | Entered Level 10 of the Dungeon
  8134 | D:10     | Found a staircase to the Lair.
  8334 | D:10     | Found a burning altar of Makhleb.
  9194 | D:11     | Noticed a white ugly thing
  9207 | D:11     | Killed a white ugly thing
  9207 | D:11     | Reached **** piety under Okawaru
  9244 | D:11     | Noticed a cyclops
  9250 | D:11     | Killed a cyclops
  9251 | D:11     | Reached skill level 13 in Maces & Flails
  9258 | D:11     | Noticed a manticore
  9280 | D:11     | Killed a manticore
  9308 | D:11     | Reached XP level 11. HP: 58/95 MP: 10/10
  9391 | D:11     | Reached skill level 10 in Armour
  9395 | D:11     | Reached ***** piety under Okawaru
  9404 | D:11     | Noticed a catoblepas
  9428 | D:11     | HP: 4/95 [catoblepas (26)]
  9449 | D:11     | Killed a catoblepas
  9552 | D:11     | Noticed a fire dragon
  9566 | D:11     | Killed from afar by a fire dragon

Illustrated notes

Levels and vault maps discovered:
D:1:      amcnicky_arrival_gap_in_the_tavern_cellar, layout_basic,
          chequers_ecumenical_altar_twisty, minmay_fountain_box
D:2:      layout_basic, basic_altar
D:3:      layout_basic, gammafunk_ghost_arena, minivault_11
D:4:      layout_loops_corners, gammafunk_temple_overflow_claw,
          dk_noncrumbling_4
D:5:      layout_basic, uniq_crazy_yiuf_cottage, uniq_blork_the_orc,
          uniq_eustachio
D:6:      layout_basic
D:7:      layout_loops_ring, temple_doors_ab, serial_shops, shop,
          minmay_misc_feat_ornament, uniq_duvessa, uniq_joseph,
          uniq_prince_ribbit1
D:8:      layout_basic, minmay_misc_feat_encased, serial_bayou_pond_c,
          minivault_27, uniq_grum
D:9:      layout_loops_cross
D:10:     layout_stronghold, lemuel_crystal_altar, lair_entry_dummy
D:11:     minmay_the_grid_square_5x5_3x3 [minmay_the_grid_square_5x5_plus,
          minmay_the_grid_square_5x5_minivault,
          minmay_the_grid_square_5x5_moneybag, minmay_the_grid_square_5x5_two,
          minmay_the_grid_square_5x5_megaprize_checkered,
          minmay_the_grid_square_5x5_forky, minmay_the_grid_square_5x5_detours,
          minmay_the_grid_square_5x5_six, minmay_the_grid_square_5x5_spiral],
          layout_rooms, nicolae_water_bricks, minmay_beelzebubs_servants
Temple:   regret_index_temple_mists

Skill      XL: |  1  2  3  4  5  6  7  8  9 10 11 |
---------------+----------------------------------+-----
Shields        | 4 5 6 7 8 |  8.9
Armour         | 4 5 6 7 8 9 10 | 10.1
Fighting       | 4 5 6 7 8 |  8.7
Maces & Flails | 3 4 5 6 7 9 11 13 | 13.7
Dodging        | 1 2 3 4 |  4.7
Stealth        | 1 |  1.2

Action                   |  1- 3 |  4- 6 |  7- 9 | 10-12 || total
-------------------------+-------+-------+-------+-------++-------
Melee: Flail             |    90 |   124 |    54 |       ||   268
       Headbutt          |    10 |    15 |    51 |    42 ||   118
       Mace              |       |       |   225 |   211 ||   436
Invok: Heroism           |       |       |       |     1 ||     1
  Use: Scroll            |       |     5 |     3 |     3 ||    11
       Potion            |       |     4 |     1 |     4 ||     9
Armor: Scale mail        |    36 |    43 |    77 |    12 ||   168
       Plate armour      |       |       |       |    99 ||    99
Dodge: Dodged            |    58 |   102 |   162 |   117 ||   439
Block: Buckler           |    27 |    56 |     7 |       ||    90
       Kite shield       |       |       |   101 |   112 ||   213
